cohdb
Replays
Latest Replays
All Replays
Popular Replays
Top Player Replays
Match Explorer
How It Works
Community
CoH3 Stats
Reddit
Sign in to upload your games and track your stats! →
Sign in with Steam
Match 39216109
Unlisted
Match 39216109
Overview
Messages
Build Orders
End
Vickers Machine Gun Team
Construct Section Command Post
Infantry Section
Infantry Section
Construct Field Infirmary
Infantry Section
Construct Platoon Command Post
Grenade Package
Selects Heavy Armor Battlegroup
Selects Rigorous Vehicle Training
Unlock M3 Stuart Light Tanks
M3 Stuart Light Tank
6-pounder Anti-tank Gun Team
Selects Light Vehicle Withdraw and Refit
Selects Forward Repair Assembly
Light Vehicle Training
Infantry Training
CriticalAnimation
Fortress85
Krooger
Windorca
insane
YangXYZ
Zzzz丶
FartNoise
0
0
Comments
sign in to comment!
No comments posted yet!